 Dungeon Crawl Stone Soup version 0.21.1-1-g345015fe64 (webtiles) character file.

108 Lothor the Vandal (level 5, -6/38 HPs)
             Began as a Halfling Hunter on Apr 7, 2018.
             Mangled by Lothor's ghost (11 damage)
             ... on level 4 of the Dungeon.
             The game lasted 00:07:51 (3386 turns).

Lothor the Vandal (Halfling Hunter)                 Turns: 3386, Time: 00:07:51

Health: -6/38      AC:  4    Str: 13    XL:     5   Next: 12%
Magic:  5/5        EV: 14    Int:  9    God:
Gold:   160        SH:  0    Dex: 16    Spells: 4/4 levels left

rFire    . . .     SeeInvis .   o - +1 dagger (holy)
rCold    . . .     Gourm    .   (shield restricted)
rNeg     . . .     Faith    .   c - +0 leather armour
rPois    .         Spirit   .   (no helmet)
rElec    .         Reflect  .   y - +0 cloak
rCorr    .         Harm     .   (no gloves)
MR       +....                  (no boots)
Stlth    ++........             w - amulet of rage
HPRegen  0.12/turn              k - ring of protection from magic
MPRegen  0.09/turn              (no ring)

@: no status effects
A: small, mutation resistance 1
a: Evoke Berserk Rage


You were on level 4 of the Dungeon.
You were hungry.

You visited 1 branch of the dungeon, and saw 4 of its levels.

You collected 160 gold pieces.

Inventory:

Hand Weapons
 a - a +1 hunting sling
 b - a +0 short sword
 o - a +1 dagger of holy wrath (weapon)
Missiles
 e - 163 stones (quivered)
 n - 18 bolts
 x - 16 arrows
Armour
 c - a +0 leather armour (worn)
 y - a +0 cloak (worn)
Jewellery
 k - a ring of protection from magic (left hand)
 w - an amulet of rage (around neck)
Scrolls
 d - a scroll of teleportation {unknown}
 h - 2 scrolls of immolation {unknown}
 j - a scroll of amnesia {unknown}
 l - 5 scrolls of identify
 m - a scroll of fear {unknown}
 r - a scroll of magic mapping {unknown}
 s - 2 scrolls of remove curse {unknown}
 t - 2 scrolls of fog {unknown}
Potions
 i - 2 potions of might {unknown}
 p - a potion of invisibility {unknown}
 q - a potion of curing {unknown}
 u - 2 potions of lignification {unknown}
 v - a potion of heal wounds {unknown}
Comestibles
 f - 4 rations


   Skills:
 + Level 4.4 Fighting
 - Level 5.8 Slings
 - Level 2.1 Dodging
 - Level 1.1 Stealth


You had 4 spell levels left.
You didn't know any spells.

Dungeon Overview and Level Annotations

Branches:
Dungeon (4/15)
 Temple: D:4-7

Altars:
Ru
Trog

Annotations:
D:4 Lothor's ghost, amateur KoHu


Innate Abilities, Weirdness & Mutations

You are small and have problems with some larger weapons.
You are somewhat resistant to further mutation.


Message History

You hit Lothor's ghost but do no damage.
Lothor's ghost is lightly damaged.
Lothor's ghost misses you.
The howler monkey completely misses you.
You hit Lothor's ghost but do no damage.
Lothor's ghost is lightly damaged.
Lothor's ghost hits you! The howler monkey hits you.
You barely miss Lothor's ghost.
Lothor's ghost is lightly damaged.
Lothor's ghost hits you.
* * * LOW HITPOINT WARNING * * *
The howler monkey closely misses you.
You hit Lothor's ghost but do no damage.
Lothor's ghost is lightly damaged.
Lothor's ghost hits you but does no damage.
The howler monkey hits you.
* * * LOW HITPOINT WARNING * * *
The howler monkey hits you but does no damage.
Lothor's ghost hits you!
You die...

#.......((...(......
#..((.((<........
#.(####((....####
#[.###(.(##.## #
#..##..(.[#(#
###.##.....<...(.#
........##.((..#.#
###.##..###Wh(##.#
.. #.....@((...# ##
#.####.####.# #.
#.####.#### #.
#.........# #.
######.##.# #.
#.##.# .. #..#.#
##.#.# #.#W#


You could see a howler monkey and Lothor's ghost.

Vanquished Creatures
  An orc wizard (D:2)
  A hound skeleton (D:4)
  2 adders (D:2)
  A worm (D:3)
  A dart slug (D:1)
  A leopard gecko (D:2)
  2 orcs (D:4)
  4 bats
  3 giant cockroaches (D:2)
  3 goblins
  7 hobgoblins
  2 jackals (D:3)
  6 kobolds
  2 quokkas (D:2)
  A ball python (D:2)
  5 frilled lizards
  3 rats
45 creatures vanquished.

Notes
Turn   | Place    | Note
-------+----------+-------------------------------------------
     0 | D:1      | Lothor the Halfling Hunter began the quest for the Orb.
     0 | D:1      | Reached XP level 1. HP: 14/14 MP: 1/1
   195 | D:1      | Reached XP level 2. HP: 20/20 MP: 2/2
   719 | D:2      | Found a sacrificial altar of Ru.
   722 | D:2      | Reached XP level 3. HP: 25/26 MP: 3/3
   729 | D:2      | Reached XP level 4. HP: 23/33 MP: 4/4
  1570 | D:3      | Found a bloodstained altar of Trog.
  1628 | D:3      | Found a faded altar of an unknown god.
  2117 | D:4      | Noticed Lothor's ghost (amateur KoHu)
  3128 | D:4      | Reached XP level 5. HP: 34/38 MP: 5/5
  3386 | D:4      | Mangled by Lothor's ghost

Skill      XL: |  1  2  3  4 |
---------------+-------------+-----
Fighting       | 2 3 4 |  4.4
Slings         | |  5.8
Dodging        | |  2.1
Stealth        | |  1.1

Action                   |  1- 3 |  4- 6 || total
-------------------------+-------+-------++-------
Melee: Dagger            |       |     8 ||     8
 Fire: Hunting sling     |    31 |    99 ||   130
  Use: Scroll            |       |     1 ||     1
  Eat: Chunk             |       |     3 ||     3
       Ration            |       |     1 ||     1
Armor: Leather armour    |     2 |    14 ||    16
Dodge: Dodged            |     4 |    39 ||    43
